[Event "Titled Tuesday Blitz August 22 Early 2023"]
[White "Gorovets, Andrey"]
[Black "Kravtsiv, Martyn"]
[WhiteFideId "13504037"]
[BlackFideId "14113147"]
[WhiteElo "2803"]
[BlackElo "2877"]
[Result "0-1"]
[Round "10"]
[TimeControl "180+1"]
[Date "2023.08.22"]
[WhiteClock "0:00:00"]
[BlackClock "0:00:15"]
[Board "21"]

1. d4 Nf6 2. c4 e6 3. Nf3 b6 4. g3 Bb7 5. Bg2 Be7 6. O-O O-O 7. Re1 Ne4 8. Qc2 d5 9. cxd5 exd5 10. Bf4 c5 11. Nc3 Nc6 12. dxc5 Nxc3 13. Qxc3 bxc5 14. Ne5 Nxe5 15. Qxe5 Bf6 16. Qh5 g6 17. Qf3 Qb6 18. Rab1 a5 19. b3 Rfe8 20. Red1 Re7 21. Bh6 Rae8 22. e3 d4 23. Qg4 Bc8 24. Qf3 dxe3 25. Bxe3 Bd4 26. Bxd4 cxd4 27. Bf1 Bb7 28. Qf4 Qc6 29. f3 Re3 30. Rbc1 Rc3 31. Bc4 Rf8 32. Rxc3 dxc3 33. Rf1 c2 34. Qd2 Qc5+ 35. Kg2 Qf5 36. Rf2 Re8 37. Bd3 c1=Q 0-1


[Site "https://www.chess.com"]

[Event "Titled Tuesday Blitz August 22 Early 2023"]
[White "Bachmann, Axel"]
[Black "Materia, Marco"]
[WhiteFideId "3700488"]
[BlackFideId "45150451"]
[WhiteElo "2862"]
[BlackElo "2802"]
[Result "1-0"]
[Round "10"]
[TimeControl "180+1"]
[Date "2023.08.22"]
[WhiteClock "0:00:09"]
[BlackClock "0:00:01"]
[Board "22"]

1. e4 c5 2. Nf3 e6 3. d4 cxd4 4. Nxd4 Nc6 5. Nc3 Qc7 6. Qd3 Nf6 7. Ndb5 Qb8 8. Qg3 d6 9. Be3 a6 10. Nd4 h5 11. f3 h4 12. Qf2 Bd7 13. O-O-O Be7 14. Kb1 b5 15. Nxc6 Bxc6 16. Bd3 d5 17. Bc5 Qc7 18. Bxe7 Qxe7 19. exd5 Nxd5 20. Nxd5 Bxd5 21. Rhe1 h3 22. g4 Kf8 23. f4 Qh4 24. Qe2 Bg2 25. Be4 Bxe4 26. Qxe4 Rd8 27. g5 Re8 28. Rd7 Qf2 29. Red1 Rh4 30. g6 Rxf4 31. Qe5 Rf5 32. Qd6+ Kg8 33. Rd8 fxg6 34. Rxe8+ Kh7 35. Qxe6 Qxh2 36. Qg8+ Kh6 37. Qh8+ Kg5 38. Qxg7 Qf2 39. Rh8 h2 40. Qh6+ Kf6 41. Qxh2 Qd4 42. Qd6+ Qxd6 43. Rxd6+ Kg7 44. Rh1 g5 45. Rxa6 g4 46. Rg1 Rg5 47. b4 g3 48. Ra3 g2 49. Rf3 Rg4 50. a3 1-0


[Site "https://www.chess.com"]

[Event "Titled Tuesday Blitz August 22 Early 2023"]
[White "Durarbayli, Vasif"]
[Black "Shoker, Samy"]
[WhiteFideId "13402935"]
[BlackFideId "627143"]
[WhiteElo "2857"]
[BlackElo "2731"]
[Result "1-0"]
[Round "10"]
[TimeControl "180+1"]
[Date "2023.08.22"]
[WhiteClock "0:00:09"]
[BlackClock "0:00:20"]
[Board "23"]

1. e4 g6 2. d4 Bg7 3. Nc3 d6 4. Be3 a6 5. g4 b5 6. h4 b4 7. Nd5 Bb7 8. Bg2 a5 9. h5 e6 10. Nf4 g5 11. Nd3 h6 12. a3 bxa3 13. Rxa3 Nf6 14. f3 Nbd7 15. Ne2 Nb6 16. b3 a4 17. O-O axb3 18. Rxb3 Ba6 19. Ng3 Bc4 20. Rc3 d5 21. e5 Nfd7 22. f4 gxf4 23. Rxf4 Ra2 24. Nc1 Ra1 25. Bf2 Qg5 26. Rcf3 Bxe5 27. dxe5 Nxe5 28. Be3 Nxf3+ 29. Qxf3 e5 30. Rxc4 Rxc1+ 31. Bf1 Rxf1+ 32. Nxf1 Qh4 33. Rc6 Rg8 34. Nh2 d4 35. Bf2 Qxh5 36. Rxb6 cxb6 37. Qa8+ Ke7 38. Qxg8 Qg6 39. Qxg6 fxg6 40. Nf3 Ke6 41. Nh4 g5 42. Nf5 b5 43. Nxh6 b4 44. Be1 Kd5 45. Bxb4 e4 46. Nf5 d3 47. cxd3 exd3 48. Bd2 Ke4 49. Kf2 Ke5 50. Bxg5 1-0


[Site "https://www.chess.com"]

[Event "Titled Tuesday Blitz August 22 Early 2023"]
[White "Naroditsky, Daniel"]
[Black "Matinian, Nikita"]
[WhiteFideId "2026961"]
[BlackFideId "24129100"]
[WhiteElo "3168"]
[BlackElo "2711"]
[Result "1-0"]
[Round "10"]
[TimeControl "180+1"]
[Date "2023.08.22"]
[WhiteClock "0:00:03"]
[BlackClock "0:00:00"]
[Board "24"]

1. e4 c5 2. c3 d5 3. exd5 Qxd5 4. d4 Nf6 5. Nf3 e6 6. Na3 Be7 7. Be3 cxd4 8. Nb5 Qd8 9. Nbxd4 O-O 10. Bd3 b6 11. Qe2 Bb7 12. O-O-O Nbd7 13. Kb1 a6 14. Bc2 Qc7 15. Ng5 h6 16. h4 Nc5 17. Rh3 Rfd8 18. Rg3 hxg5 19. hxg5 Nfe4 20. Rh3 Bd6 21. Qh5 Kf8 22. f3 Ng3 23. Qh7 Be5 24. f4 Bxf4 25. Rxg3 Bxg3 26. Rf1 Qe5 27. g6 Rd7 28. b4 Ne4 29. Kb2 Rc8 30. Bh6 Nxc3 31. Bxg7+ Qxg7 32. Nxe6+ Ke7 33. Nxg7 Be5 34. Rxf7+ Kd6 35. Nf5+ 1-0


[Site "https://www.chess.com"]

[Event "Titled Tuesday Blitz August 22 Early 2023"]
[White "So, Wesley"]
[Black "Volovich, Vasily"]
[WhiteFideId "5202213"]
[BlackFideId "34169676"]
[WhiteElo "3086"]
[BlackElo "2711"]
[Result "1-0"]
[Round "10"]
[TimeControl "180+1"]
[Date "2023.08.22"]
[WhiteClock "0:00:52"]
[BlackClock "0:00:04"]
[Board "25"]

1. Nf3 Nf6 2. b3 d5 3. Bb2 c5 4. e3 Nc6 5. Bb5 Bd7 6. O-O e6 7. c4 Bd6 8. cxd5 exd5 9. d4 a6 10. Bxc6 bxc6 11. Ba3 Qe7 12. Nc3 O-O 13. dxc5 Bxc5 14. Bxc5 Qxc5 15. Na4 Qd6 16. Qd4 Rfe8 17. Rac1 Re4 18. Qc5 Qc7 19. Nb6 Rae8 20. Nxd5 Nxd5 21. Qxd5 Qxh2+ 22. Kxh2 cxd5 23. Rc7 Bb5 24. Rd1 Be2 25. Rxd5 Bxf3 26. gxf3 R4e6 27. Rdd7 Rf6 28. Kg2 h5 29. Rd5 g6 30. f4 Kg7 31. b4 Re4 32. a3 Ree6 33. Kf3 Rc6 34. Rc5 Rxc7 35. Rxc7 Rd6 36. a4 Rb6 37. Rc4 Kf6 38. a5 Rb5 39. Rc6+ Ke7 40. Rc7+ Ke6 41. Rc6+ Ke7 42. Rc4 Ke6 43. e4 Kd6 44. Kg3 Rb8 45. f3 Rb5 46. Rd4+ Ke6 47. Kh4 f6 48. Rc4 Kd6 49. Kg3 Rb8 50. Rd4+ Ke6 51. Rc4 Kd6 52. Kh3 Rb5 53. Kh4 Rb8 54. f5 gxf5 55. exf5 Ke5 56. Kxh5 Kxf5 57. Kh4 Ke5 58. Kg4 Rg8+ 59. Kh3 Rb8 60. Kg3 Kd5 61. Rc5+ Kd4 62. Rc6 Rxb4 63. Rxf6 Ra4 64. Rf4+ 1-0


[Site "https://www.chess.com"]

[Event "Titled Tuesday Blitz August 22 Early 2023"]
[White "KarolKacprzak"]
[Black "Grischuk, Alexander"]
[BlackFideId "4126025"]
[WhiteElo "2705"]
[BlackElo "3017"]
[Result "0-1"]
[Round "10"]
[TimeControl "180+1"]
[Date "2023.08.22"]
[WhiteClock "0:00:23"]
[BlackClock "0:00:24"]
[Board "26"]

1. e4 e5 2. Nf3 Nc6 3. Bb5 a6 4. Ba4 Bc5 5. c3 Nge7 6. d4 exd4 7. cxd4 Bb4+ 8. Nc3 d5 9. exd5 Nxd5 10. Bd2 O-O 11. O-O Nce7 12. h3 c6 13. Re1 Bf5 14. Bb3 a5 15. Ne4 Bxd2 16. Qxd2 a4 17. Bc4 h6 18. Rac1 Bxe4 19. Rxe4 Qd6 20. a3 Ng6 21. Rce1 Rad8 22. Ne5 Nf6 23. Nxf7 Rxf7 24. Re6 Qf4 25. Qxf4 Nxf4 26. Re7 N4d5 0-1


[Site "https://www.chess.com"]

[Event "Titled Tuesday Blitz August 22 Early 2023"]
[White "Karthik Rajaa"]
[Black "Tari, Aryan"]
[WhiteFideId "25035215"]
[BlackFideId "1510045"]
[WhiteElo "2704"]
[BlackElo "2934"]
[Result "1-0"]
[Round "10"]
[TimeControl "180+1"]
[Date "2023.08.22"]
[WhiteClock "0:00:09"]
[BlackClock "0:00:07"]
[Board "27"]

1. Nf3 b6 2. c4 Bb7 3. Nc3 Nf6 4. d4 e6 5. a3 d5 6. cxd5 Nxd5 7. Qc2 Nd7 8. Nxd5 exd5 9. Bf4 Bd6 10. Bxd6 cxd6 11. e3 Rc8 12. Qa4 a6 13. Bd3 b5 14. Qb4 Nb6 15. O-O O-O 16. b3 Qc7 17. a4 Qc3 18. Qxc3 Rxc3 19. Be2 b4 20. a5 Nd7 21. Rfb1 Rb8 22. Ne1 Nf6 23. Nd3 Bc8 24. Rb2 Bf5 25. Nf4 g5 26. Nh5 Nxh5 27. Bxh5 Rbc8 28. h3 Rc1+ 29. Rxc1 Rxc1+ 30. Kh2 Ra1 31. Bf3 Rxa5 32. g4 Bg6 33. Kg3 h6 34. Be2 Ra1 35. f3 a5 36. Kf2 Kf8 37. Bb5 Ke7 38. Bc6 Ke6 39. Bb5 h5 40. f4 gxf4 41. exf4 h4 42. f5+ Kf6 43. fxg6 fxg6 44. Bc6 Rh1 45. Kg2 Rd1 46. Bxd5 Rxd4 47. Rf2+ Ke5 48. Bf7 Rd3 49. Rf3 Rd2+ 50. Kg1 d5 51. Bxg6 Rd1+ 52. Kf2 Rd2+ 53. Ke1 Rg2 54. Bf5 d4 55. Rd3 Rb2 56. Kd1 Ra2 57. Rd2 Ra1+ 58. Kc2 Rg1 59. Re2+ Kf4 60. Re4+ Kg3 61. Rxd4 Kxh3 62. g5+ Kh2 63. Rxh4+ Kg3 64. Rg4+ Kh2 65. Rxg1 Kxg1 66. g6 Kg2 67. g7 Kg1 68. g8=Q+ Kh1 69. Be4+ Kh2 1-0


[Site "https://www.chess.com"]

[Event "Titled Tuesday Blitz August 22 Early 2023"]
[White "Morefield, Jason"]
[Black "Harsh Suresh"]
[WhiteFideId "30920825"]
[BlackFideId "45018464"]
[WhiteElo "2703"]
[BlackElo "2872"]
[Result "1-0"]
[Round "10"]
[TimeControl "180+1"]
[Date "2023.08.22"]
[WhiteClock "0:00:05"]
[BlackClock "0:00:05"]
[Board "28"]

1. e4 g6 2. d4 Nf6 3. e5 Nh5 4. Be2 d6 5. exd6 Qxd6 6. Nc3 Nf6 7. Nb5 Qd8 8. c4 Bg7 9. Bf4 Na6 10. Nf3 O-O 11. h3 c6 12. Nc3 Qb6 13. Qd2 Be6 14. O-O Rad8 15. c5 Qa5 16. a3 Bb3 17. Qe3 Rd7 18. Nd2 Nd5 19. Nxb3 Nxe3 20. Nxa5 Nxf1 21. Bxa6 bxa6 22. Kxf1 Bxd4 23. Rd1 Rfd8 24. Nxc6 Bxc3 25. Rxd7 Rxd7 26. bxc3 f6 27. Nb8 Rd8 28. Nxa6 e5 29. Be3 Rc8 30. Ke2 Kf7 31. Kd3 Ke6 32. Kc4 f5 33. f3 h5 34. h4 Rc6 35. Nb4 Rc8 36. a4 f4 37. Bf2 Rg8 38. c6 g5 39. hxg5 Rxg5 40. Bxa7 Rxg2 41. Na6 h4 42. c7 Kd7 43. Bb6 h3 44. Nb8+ Kc8 45. Nc6 Kb7 46. Ne7 Rg8 47. Nxg8 h2 48. Ne7 h1=Q 49. c8=Q+ Kxb6 50. Nd5+ Ka7 51. Qc7+ Ka8 52. Nb6# 1-0


[Site "https://www.chess.com"]

[Event "Titled Tuesday Blitz August 22 Early 2023"]
[White "Mekhitarian, Krikor Sevag"]
[Black "Egor_Koshulyan"]
[WhiteFideId "2107660"]
[WhiteElo "2870"]
[BlackElo "2688"]
[Result "1/2-1/2"]
[Round "10"]
[TimeControl "180+1"]
[Date "2023.08.22"]
[WhiteClock "0:00:07"]
[BlackClock "0:00:09"]
[Board "29"]

1. Nf3 d5 2. c4 e6 3. d4 Nf6 4. cxd5 exd5 5. Nc3 c6 6. Bf4 Bd6 7. Bxd6 Qxd6 8. e3 Bf5 9. Nh4 Bg4 10. Qb3 Qe7 11. h3 Bh5 12. Nf5 Qd7 13. Nxg7+ Kf8 14. Nxh5 Nxh5 15. Qd1 Nf6 16. Qf3 Qe6 17. Bd3 Nbd7 18. Ne2 Rg8 19. Ng3 h5 20. O-O-O c5 21. Kb1 c4 22. Bf5 Qb6 23. Bxd7 c3 24. b3 Nxd7 25. Qxd5 Rc8 26. Rc1 Nf6 27. Qf3 h4 28. Nf5 Qe6 29. Rc2 Ne4 30. Ka1 Nd2 31. Qf4 Rxg2 32. Nxh4 Rg8 33. Nf5 Rg2 34. Rhc1 Ne4 35. Ng3 Nxg3 36. fxg3 Qxh3 37. Qe4 Rxc2 38. Qxc2 Qxg3 39. Qe2 Qd6 40. Qd3 Qb4 41. d5 a5 42. e4 a4 43. Qc2 axb3 44. Qxb3 Qxe4 45. d6 Qe5 46. d7 c2+ 47. Qb2 Qxb2+ 48. Kxb2 Rd8 49. Rxc2 Rxd7 50. Rf2 Kg7 51. Kc3 Kg6 52. Rg2+ Kf5 53. Rf2+ Kg4 54. Rg2+ Kf3 55. Rg7 Ke4 56. Kc4 Ke5 57. Kb5 Kf6 58. Rg1 Rd2 59. a4 Rb2+ 60. Kc5 Ke6 61. Re1+ Kd7 62. Rd1+ Kc7 63. Rf1 Rc2+ 64. Kb4 Rb2+ 65. Kc3 Ra2 66. Rxf7+ Kb6 67. Kb3 Rh2 68. Rf6+ Ka7 69. Rf5 Rh3+ 70. Kb4 Rh4+ 71. Kb5 Rh1 72. a5 Rb1+ 73. Ka4 Ra1+ 74. Kb5 Rb1+ 75. Ka4 Ra1+ 76. Kb4 Rb1+ 77. Kc3 Rh1 78. Kb2 Rh3 79. Rb5 Ka6 80. Rb6+ Ka7 81. Rb3 Rh5 82. Ra3 Ka6 83. Rg3 Kxa5 84. Kb3 Rb5+ 85. Ka3 Rf5 86. Rg1 Rf3+ 87. Ka2 b5 88. Rh1 Ka4 89. Rh4+ b4 90. Rh1 Rf2+ 91. Ka1 Ka3 92. Rg1 Ra2+ 93. Kb1 b3 94. Rh1 Rb2+ 95. Ka1 Re2 96. Rg1 Re3 97. Kb1 Kb4 98. Rh1 Kc3 99. Rc1+ Kb4 100. Rh1 Re2 101. Rh8 Re1+ 102. Kb2 Re2+ 103. Kb1 Kc3 104. Rc8+ Kd4 105. Rb8 Kc4 106. Rc8+ Kb4 107. Rb8+ Kc4 108. Rc8+ Kb4 109. Rb8+ Kc4 1/2-1/2


[Site "https://www.chess.com"]

[Event "Titled Tuesday Blitz August 22 Early 2023"]
[White "Ilamparthi A R"]
[Black "Itgelt, Khuyagtsogt"]
[WhiteFideId "45015775"]
[BlackFideId "4902912"]
[WhiteElo "2870"]
[BlackElo "2669"]
[Result "1-0"]
[Round "10"]
[TimeControl "180+1"]
[Date "2023.08.22"]
[WhiteClock "0:00:27"]
[BlackClock "0:00:03"]
[Board "30"]

1. e4 e6 2. d3 d5 3. Nd2 Nf6 4. Ngf3 Nc6 5. c3 e5 6. Be2 Be7 7. O-O O-O 8. b4 a6 9. Rb1 Re8 10. a3 Bf8 11. Bb2 Bg4 12. h3 Bh5 13. Qc2 h6 14. Rfe1 Qd7 15. Nf1 Bg6 16. Ng3 Rad8 17. Rbd1 b5 18. Nh4 Bh7 19. Bc1 Ne7 20. Qb3 c6 21. a4 g5 22. Nf3 Qc7 23. d4 Nxe4 24. Nxe4 Bxe4 25. Nxe5 Bg7 26. Nd3 Bxd3 27. Bxd3 Nc8 28. Qc2 Nd6 29. h4 Bf6 30. hxg5 hxg5 31. g3 Kg7 32. Kg2 Rxe1 33. Rxe1 Rh8 34. Qe2 Qd7 35. Rh1 Rxh1 36. Kxh1 Qh3+ 37. Kg1 bxa4 38. Qa2 Ne4 39. Bxe4 dxe4 40. Qxa4 Qg4 41. Be3 Qf3 42. Qxa6 Qd1+ 43. Qf1 Qb3 44. Qc1 g4 45. Kg2 Kg6 46. Qd2 Qd5 47. Qe2 Qf5 48. c4 Be7 49. b5 cxb5 50. cxb5 Bd8 51. Bf4 Kh5 52. Qc4 e3 53. Bxe3 Qe4+ 54. Kh2 Kg6 55. Qc6+ Qxc6 56. bxc6 Kf5 57. Bf4 Ke4 58. c7 Bxc7 59. Bxc7 Kxd4 60. Bf4 Ke4 61. Kg2 1-0


[Site "https://www.chess.com"]

[Event "Titled Tuesday Blitz August 22 Early 2023"]
[White "Zhu, Jiner"]
[Black "Yeletsky, Ivan"]
[WhiteFideId "8608059"]
[BlackFideId "24180327"]
[WhiteElo "2664"]
[BlackElo "2866"]
[Result "0-1"]
[Round "10"]
[TimeControl "180+1"]
[Date "2023.08.22"]
[WhiteClock "0:00:20"]
[BlackClock "0:00:11"]
[Board "31"]

1. e4 Nf6 2. e5 Nd5 3. d4 d6 4. Nf3 dxe5 5. Nxe5 c6 6. Be2 Bf5 7. O-O Nd7 8. Nf3 e6 9. c4 N5f6 10. Nc3 Bd6 11. Re1 O-O 12. Nh4 Ng4 13. Nxf5 Bxh2+ 14. Kf1 exf5 15. Bxg4 fxg4 16. g3 f5 17. Kg2 f4 18. Qxg4 fxg3 19. fxg3 Nf6 20. Qh4 Bxg3 21. Kxg3 Qd6+ 22. Kg2 Qb4 23. a3 Qxc4 24. Bg5 h6 25. Bxf6 Rxf6 26. Rf1 Raf8 27. Rxf6 Rxf6 28. Re1 Qd3 29. Re8+ Kf7 30. Re2 Kg8 31. Rf2 Rg6+ 32. Kh2 Rg5 33. Ne4 Rg6 34. Ng3 Rg5 35. Qe4 Qxg3+ 0-1


[Site "https://www.chess.com"]

[Event "Titled Tuesday Blitz August 22 Early 2023"]
[White "JeRoma71"]
[Black "Piesik, Piotr"]
[BlackFideId "1136194"]
[WhiteElo "2865"]
[BlackElo "2665"]
[Result "1-0"]
[Round "10"]
[TimeControl "180+1"]
[Date "2023.08.22"]
[WhiteClock "0:02:31"]
[BlackClock "0:00:48"]
[Board "32"]

1. a3 g6 2. h4 h5 3. d4 Bg7 4. Nf3 d5 5. Bg5 c5 6. e3 Nc6 7. c3 cxd4 8. exd4 Bg4 9. Nbd2 Qb6 10. Qb3 Qxb3 11. Nxb3 Bxf3 12. gxf3 e6 13. Nc5 Nge7 14. Nxb7 Rb8 15. Ba6 O-O 16. b4 Nf5 17. Nc5 Ncxd4 18. cxd4 Nxd4 19. Rc1 Nxf3+ 20. Ke2 Nxg5 21. hxg5 Bb2 22. Nd7 Bxc1 23. Rxc1 1-0


[Site "https://www.chess.com"]

[Event "Titled Tuesday Blitz August 22 Early 2023"]
[White "Nasir, Zehn"]
[Black "Rustemov, Alexander"]
[WhiteFideId "2613239"]
[BlackFideId "4119002"]
[WhiteElo "2661"]
[BlackElo "2863"]
[Result "1/2-1/2"]
[Round "10"]
[TimeControl "180+1"]
[Date "2023.08.22"]
[WhiteClock "0:00:06"]
[BlackClock "0:00:05"]
[Board "33"]

1. d4 g6 2. Nc3 c5 3. e3 Bg7 4. Nf3 Nf6 5. Bd3 O-O 6. O-O d5 7. b3 cxd4 8. exd4 Bg4 9. h3 Bxf3 10. Qxf3 Nc6 11. Ne2 Nb4 12. c4 Nxd3 13. Qxd3 dxc4 14. bxc4 Qd7 15. Be3 Rfd8 16. a4 Ne8 17. Rab1 Nd6 18. a5 Rac8 19. c5 Nf5 20. Qe4 Qc6 21. Qxc6 bxc6 22. Rb7 a6 23. Rb6 Bxd4 24. Nxd4 Nxd4 25. Bxd4 Rxd4 26. Rc1 Ra4 27. Rxa6 Rc7 28. Rc2 Kg7 29. Ra8 e6 30. g3 g5 31. Kg2 h5 32. a6 Kf6 33. Rb2 Re7 34. Rbb8 e5 35. Rh8 e4 36. Rh6+ Kf5 37. Rxc6 Ra2 38. Kf1 e3 39. fxe3 Rxe3 40. Rc7 Rc3 41. Rxf7+ Ke4 42. Rf2 Ra1+ 43. Kg2 Raa3 44. Re8+ Kd5 45. Rf5+ Kc6 46. Re6+ Kb5 47. c6+ Kb6 48. Rxg5 Rc2+ 49. Kf1 Ra1+ 50. Re1 Raa2 51. Rb1+ Kxa6 52. c7 Rf2+ 53. Ke1 Rfe2+ 54. Kf1 Rf2+ 55. Ke1 Rae2+ 56. Kd1 Rd2+ 57. Ke1 Rde2+ 58. Kd1 Rd2+ 59. Ke1 Rfe2+ 60. Kf1 Rf2+ 61. Ke1 1/2-1/2


[Site "https://www.chess.com"]

[Event "Titled Tuesday Blitz August 22 Early 2023"]
[White "Bacrot, Etienne"]
[Black "Frolyanov, Dmitry"]
[WhiteFideId "605506"]
[BlackFideId "4151976"]
[WhiteElo "2842"]
[BlackElo "2651"]
[Result "1/2-1/2"]
[Round "10"]
[TimeControl "180+1"]
[Date "2023.08.22"]
[WhiteClock "0:00:04"]
[BlackClock "0:00:08"]
[Board "34"]

1. e4 e5 2. Nf3 Nf6 3. Nc3 Nc6 4. Bb5 Nd4 5. Bc4 Bc5 6. d3 d6 7. h3 h6 8. Be3 Nxf3+ 9. Qxf3 Bxe3 10. fxe3 Be6 11. Bxe6 fxe6 12. O-O-O Qe7 13. d4 O-O-O 14. Rhf1 a6 15. a3 Rhf8 16. Qg3 exd4 17. exd4 e5 18. dxe5 dxe5 19. Rxd8+ Rxd8 20. Rf5 Qc5 21. Qf2 Qd6 22. Qa7 Qd4 23. Qxd4 exd4 24. Ne2 Nxe4 25. Rf7 g5 26. Re7 Nc5 27. b4 d3 28. Nc3 d2+ 29. Kd1 Nd7 30. Kxd2 Ne5+ 31. Kc1 Nc4 32. a4 Rf8 33. Kd1 Rf2 34. g4 Rd2+ 35. Kc1 Rh2 36. Kd1 Rxh3 37. Nd5 Kd8 38. Rh7 Ne3+ 39. Nxe3 Rxe3 40. Rxh6 Re4 41. c3 Rxg4 42. Rh7 Rg2 43. Rg7 g4 44. Ke1 Rg3 45. Kd2 b5 46. a5 Kc8 47. Rg6 Kb7 48. Kc2 Rg1 49. Kd2 g3 50. Kc2 g2 51. Kb2 Kc8 52. Rg7 Kd8 53. Ka2 Ke8 54. Kb2 Kf8 55. Rg3 Ke7 56. Ka2 Kd7 57. Rg6 Ke7 58. Kb2 Kf7 59. Rg3 Ke6 60. Rg7 Ke5 61. Rg8 Kd6 62. Rd8+ Ke6 63. Rg8 Ke5 64. Re8+ Kd5 65. Rd8+ Ke6 66. Rg8 Ke5 67. Re8+ Kf4 68. Rf8+ Ke3 69. Re8+ Kd2 70. Rd8+ Ke3 71. Re8+ Kf4 72. Rf8+ Kg5 73. Rg8+ Kf6 74. Ka2 Kf7 75. Rg3 Ke6 76. Rg8 c5 77. bxc5 Kd5 78. Rg5+ Kc6 79. Kb2 Kc7 80. Rg6 Kd7 81. Ka2 Kc7 82. Kb2 Kd7 83. Ka2 Kc7 84. Kb2 1/2-1/2


[Site "https://www.chess.com"]

[Event "Titled Tuesday Blitz August 22 Early 2023"]
[White "Bodnaruk, Anastasia"]
[Black "Klukin, Kirill"]
[WhiteFideId "4181751"]
[BlackFideId "24199273"]
[WhiteElo "2621"]
[BlackElo "2827"]
[Result "0-1"]
[Round "10"]
[TimeControl "180+1"]
[Date "2023.08.22"]
[WhiteClock "0:00:00"]
[BlackClock "0:00:08"]
[Board "35"]

1. e4 c5 2. Nc3 g6 3. Nge2 Bg7 4. d4 cxd4 5. Nxd4 Nc6 6. Be3 Nf6 7. Bc4 O-O 8. Bb3 Re8 9. O-O d6 10. f3 Na5 11. Qd2 b6 12. Bh6 Bh8 13. Rad1 Ba6 14. Rfe1 Rc8 15. Qg5 Nxb3 16. axb3 Qc7 17. Rd2 Qc5 18. Qxc5 bxc5 19. Ndb5 Nd7 20. Ra1 Nb8 21. Ra2 Rc6 22. Rd1 Rb6 23. Ra5 Bxb5 24. Rxb5 Rxb5 25. Nxb5 a6 26. Nc3 Nc6 27. Be3 Nb4 28. Rd2 Rb8 29. Kf2 Kf8 30. Ke1 Ke8 31. Kd1 Be5 32. g3 h5 33. f4 Bxc3 34. bxc3 Nc6 35. h3 Rb5 36. Rg2 Kd7 37. g4 hxg4 38. Rxg4 Ra5 39. Kd2 Ra1 40. Rg1 Rxg1 41. Bxg1 e6 42. c4 f5 43. exf5 exf5 44. Bf2 Ke6 45. Bh4 Nd4 46. Bd8 Nf3+ 47. Ke3 Nd4 48. Kd2 Kd7 49. Bf6 Nc6 50. Kd3 Ke6 51. Bg7 Nb4+ 52. Kd2 Kf7 53. Bc3 Nc6 54. Bb2 Ke6 55. Bc3 Ne7 56. Bb2 d5 57. cxd5+ Kxd5 58. Be5 Nc6 59. Bc7 c4 60. Kc3 cxb3 61. cxb3 Nd4 62. Be5 Nc6 63. Bc7 Kc5 64. Kd3 Nb4+ 65. Kd2 Kd4 66. Ba5 Nd5 0-1


[Site "https://www.chess.com"]

[Event "Titled Tuesday Blitz August 22 Early 2023"]
[White "Issabayev, Dias"]
[Black "Putnam, Liam"]
[WhiteFideId "13703110"]
[BlackFideId "30938279"]
[WhiteElo "2596"]
[BlackElo "2817"]
[Result "1-0"]
[Round "10"]
[TimeControl "180+1"]
[Date "2023.08.22"]
[WhiteClock "0:01:13"]
[BlackClock "0:00:00"]
[Board "36"]

1. Nf3 f6 2. g3 Kf7 3. e4 e6 4. d4 d5 5. Nc3 dxe4 6. Nxe4 Nc6 7. Be3 Nge7 8. Qd2 Nf5 9. Bc4 Nce7 10. O-O-O Nd5 11. g4 Nd6 12. Bd3 Nxe4 13. Bxe4 Bd6 14. c4 Nxe3 15. fxe3 g6 16. h4 Kg7 17. c5 Be7 18. h5 Qe8 19. Qh2 g5 20. h6+ Kf8 21. Qxc7 Qd8 22. Qg3 Bd7 23. Nxg5 fxg5 24. Rhf1+ Bf6 25. Bxb7 Rb8 26. Rxf6+ Qxf6 27. Qxb8+ Kf7 28. Qc7 Rd8 29. c6 Qe7 30. Rf1+ Kg8 31. cxd7 Rxd7 32. Qb8+ Rd8 33. Qe5 Rd7 34. Be4 Rc7+ 35. Kb1 Rc8 36. Bd5 1-0


[Site "https://www.chess.com"]

[Event "Titled Tuesday Blitz August 22 Early 2023"]
[White "Bauman_Guy"]
[Black "Garakov, Mikhael"]
[BlackFideId "4169034"]
[WhiteElo "2813"]
[BlackElo "2612"]
[Result "1-0"]
[Round "10"]
[TimeControl "180+1"]
[Date "2023.08.22"]
[WhiteClock "0:02:12"]
[BlackClock "0:00:08"]
[Board "37"]

1. e4 c5 2. Nf3 e6 3. d4 cxd4 4. Nxd4 Nc6 5. Nc3 Qc7 6. g3 a6 7. Bg2 Nf6 8. O-O Be7 9. Re1 O-O 10. Nxc6 dxc6 11. e5 Rd8 12. Qe2 Nd5 13. Ne4 Qxe5 14. c4 Nb4 15. Bf4 Qa5 16. a3 Nd3 17. Bd2 Qc7 18. Red1 Nxb2 19. Rdb1 Nd3 20. Bc3 f5 21. Nd2 e5 22. Nb3 e4 23. c5 a5 24. a4 Be6 25. Nd4 Qd7 26. Rxb7 Qxb7 27. Nxe6 Rd5 28. g4 Qd7 29. gxf5 Nxc5 30. Qg4 Nxe6 31. fxe6 Rg5 32. Qxg5 Bxg5 33. exd7 1-0


[Site "https://www.chess.com"]

[Event "Titled Tuesday Blitz August 22 Early 2023"]
[White "Cherniaiev, Tykhon"]
[Black "Golubev, Mikhail"]
[WhiteFideId "14182360"]
[BlackFideId "14100983"]
[WhiteElo "2807"]
[BlackElo "2592"]
[Result "1/2-1/2"]
[Round "10"]
[TimeControl "180+1"]
[Date "2023.08.22"]
[WhiteClock "0:00:03"]
[BlackClock "0:00:08"]
[Board "38"]

1. Nf3 g6 2. g3 Bg7 3. Bg2 d6 4. O-O e5 5. d3 Nc6 6. Nbd2 f5 7. c4 Nf6 8. Rb1 a5 9. a3 a4 10. b3 axb3 11. Qxb3 O-O 12. Bb2 Kh8 13. c5 e4 14. dxe4 fxe4 15. Ng5 d5 16. f3 h6 17. Nh3 Bxh3 18. Bxh3 Qe7 19. fxe4 Qxc5+ 20. Kh1 Nxe4 21. Nxe4 dxe4 22. Bxg7+ Kxg7 23. Qxb7 Ra7 24. Qb2+ Qe5 25. Qb3 Nd4 26. Qc4 Raa8 27. Rfc1 Rf7 28. e3 Nf3 29. Rb5 Qe7 30. a4 Qa3 31. Rb3 Qxa4 32. Rb4 Qa3 33. Bg2 Qxe3 34. Rf1 Raf8 35. Qxe4 Qxe4 36. Rxe4 Nd2 37. Rxf7+ Rxf7 38. Re2 Rd7 39. Bc6 Rd6 40. Re7+ Kf6 41. Rxc7 Nc4 42. Be8 Ne5 43. Kg2 Re6 44. Ba4 Re7 45. Rc1 Ra7 46. Rf1+ Kg7 47. Bd1 Rf7 48. Re1 Re7 49. Re4 Nc6 50. Rc4 Ne5 51. Re4 Nc6 52. Rxe7+ Nxe7 53. Bc2 1/2-1/2


[Site "https://www.chess.com"]

[Event "Titled Tuesday Blitz August 22 Early 2023"]
[White "Orozbaev, Eldiar"]
[Black "Eynullayev, Altay"]
[WhiteFideId "13802240"]
[BlackFideId "13413562"]
[WhiteElo "2802"]
[BlackElo "2585"]
[Result "1-0"]
[Round "10"]
[TimeControl "180+1"]
[Date "2023.08.22"]
[WhiteClock "0:01:49"]
[BlackClock "0:00:12"]
[Board "39"]

1. e4 c5 2. c3 Nf6 3. e5 Nd5 4. d4 cxd4 5. cxd4 d6 6. Nf3 Nc6 7. Bc4 dxe5 8. Nxe5 e6 9. O-O Be7 10. Nxc6 bxc6 11. Nc3 O-O 12. Bd3 a5 13. Qe2 Nb4 14. Rd1 Nxd3 15. Qxd3 Ba6 16. Qg3 Rb8 17. Ne4 Re8 18. Bh6 Bf8 19. Bg5 Be7 20. Bf4 Rxb2 21. Bc7 Qd5 22. Be5 g6 23. Qf4 Re2 24. Nf6+ Bxf6 25. Qxf6 Rxe5 26. dxe5 Qe4 27. Rd7 Rf8 28. Rad1 Qe2 29. Rd8 Bd3 30. Rxf8+ Kxf8 31. Qd8+ 1-0


[Site "https://www.chess.com"]

[Event "Titled Tuesday Blitz August 22 Early 2023"]
[White "Yelisieiev, Yevhenii"]
[Black "Adewumi, Tanitoluwa"]
[WhiteFideId "14139642"]
[BlackFideId "30966396"]
[WhiteElo "2579"]
[BlackElo "2800"]
[Result "1-0"]
[Round "10"]
[TimeControl "180+1"]
[Date "2023.08.22"]
[WhiteClock "0:00:09"]
[BlackClock "0:00:09"]
[Board "40"]

1. d4 Nf6 2. Nf3 e6 3. c4 b6 4. Nc3 Bb7 5. Qc2 d5 6. cxd5 Nxd5 7. e4 Nxc3 8. bxc3 Be7 9. Bb5+ c6 10. Bd3 O-O 11. e5 h6 12. Be4 Nd7 13. g4 Rb8 14. g5 hxg5 15. Rg1 g4 16. Rxg4 f5 17. exf6 Nxf6 18. Rg3 Nxe4 19. Qxe4 Qd5 20. Qd3 c5 21. Bh6 Rf7 22. Ne5 Qh1+ 23. Qf1 Qe4+ 24. Re3 Qc2 25. Nxf7 Kxf7 26. Bf4 cxd4 27. Qd3 Qxd3 28. Rxd3 Rc8 29. cxd4 Bb4+ 30. Kd1 Be4 31. Re3 Bd5 32. Rc1 Rh8 33. a3 Be7 34. Rc7 Rh4 35. Bd6 Rxd4+ 36. Ke1 Kg6 37. Bxe7 Kf5 38. Bb4 g5 39. Bc3 Rh4 40. Rf7+ Kg6 41. Rf6+ Kh5 42. Be5 Rc4 43. Rc3 Re4+ 44. Kd2 Rxe5 45. Rc7 Kg4 46. Rxa7 Re4 47. f3+ Kh5 48. fxe4 Bxe4 49. Rxe6 Bd5 50. Re5 Bf3 51. Rg7 Kh4 52. Rexg5 b5 53. Rg3 Bh5 54. Rh7 b4 55. Rxh5+ Kxh5 56. axb4 Kh4 57. b5 Kh5 58. b6 Kh6 59. b7 Kh7 60. b8=Q Kh6 61. Qh8# 1-0


[Site "https://www.chess.com"]